cohdb
Replays
Latest Replays
All Replays
Popular Replays
Top Player Replays
Match Explorer
How It Works
Community
CoH3 Stats
Reddit
Sign in to upload your games and track your stats! →
Sign in with Steam
Match 28269741
Unlisted
Match 28269741
Overview
Messages
Build Orders
End
Construct Barracks
Engineer Squad
1⁄4-ton 4x4 Truck
Selects Armored Battlegroup
Selects Veteran Crews
Riflemen Squad
M1 Mortar Team
Infantry Support Center
Riflemen Squad
M1918 Browning Automatic Rifles
Construct Medical Station
Riflemen Squad
Selects Field Repairs
Construct Tank Depot
Grenade Package
Selects War Machine
M4(105) Sherman Bulldozer
^3
GemesBong
0
0
Comments
sign in to comment!
No comments posted yet!